 Dungeon Crawl Stone Soup version 0.20.1-1-g8b1a95d (webtiles) character file.

21 Linguinho the Vexing (level 2, 0/19 HPs)
             Began as a Demonspawn Enchanter on Oct 31, 2017.
             Killed by divine providence
             ... invoked by an orc priest
              (11 damage)
             ... on level 1 of the Dungeon.
             The game lasted 00:01:58 (958 turns).

Linguinho the Vexing (Demonspawn Enchanter)          Turns: 958, Time: 00:01:58

Health: 0/19       AC:  2    Str:  8    XL:     2   Next: 62%
Magic:  1/5        EV: 12    Int: 16    God:
Gold:   55         SH:  0    Dex: 13    Spells: 2/5 levels left

rFire    + . .     SeeInvis .   a - +1 dagger
rCold    . . .     Gourm    .   (no shield)
rNeg     . . .     Faith    .   b - +0 robe
rPois    .         Spirit   .   (no helmet)
rElec    .         Reflect  .   (no cloak)
rCorr    .         Harm     .   (no gloves)
MR       .....                  (no boots)
Stlth    ++........             (no amulet)
Regen    0.1/turn               (no ring)
MPRegen  0.1/turn               (no ring)

@: very slightly contaminated
A: fire resistance 1
a: no special abilities


You were on level 1 of the Dungeon.
You were not hungry.

You visited 1 branch of the dungeon, and saw 1 of its levels.

You collected 55 gold pieces.

Inventory:

Hand Weapons
 a - a +1 dagger (weapon)
Armour
 b - a +0 robe (worn)
Scrolls
 e - 3 scrolls of enchant armour {unknown}
 i - a scroll of remove curse {unknown}
 k - a scroll of recharging {unknown}
 m - a scroll of enchant weapon {unknown}
 n - a scroll of identify {unknown}
Potions
 g - a potion of might {unknown}
 h - 2 potions of agility {unknown}
 j - 2 potions of brilliance {unknown}
 l - 2 potions of curing {unknown}
 o - a potion of mutation {unknown}
Books
 c - a book of Maledictions

   Spells                             Type                      Level
   a - Corona                         Hexes                        1
   b - Ensorcelled Hibernation        Hexes/Ice                    2
   c - Confuse                        Hexes                        3
   d - Tukima's Dance                 Hexes                        3
   e - Dazzling Spray                 Conjuration/Hexes            3
Comestibles
 d - 2 bread rations
 f - 2 royal jellies


   Skills:
 + Level 0.2 Fighting
 + Level 0.8 Short Blades
 + Level 2.0 Dodging
 + Level 2.8 Stealth
 + Level 2.3 Spellcasting
 + Level 3.4 Hexes


You had 2 spell levels left.
You knew the following spells:

 Your Spells              Type           Power        Failure   Level  Hunger
a - Corona                Hex            ##.....      4%          1    #......
b - Ensorcelled Hibernat  Hex/Ice        #.....       16%         2    ###....


Dungeon Overview and Level Annotations

Branches:
Dungeon (1/15)

Altars:


Innate Abilities, Weirdness & Mutations

Your flesh is heat resistant. (rF+)


Message History

Press: ? - help, Shift-Dir - straight line, f - orc warrior
Aim: an orc warrior, wielding a hand axe and wearing a plate armour (chance to defeat MR: 38%)
You miscast Ensorcelled Hibernation.
You are very lightly contaminated with residual magic.
Your skin tingles.
Casting: Ensorcelled Hibernation
Confirm with . or Enter, or press ? or * to list all spells.
Aiming: Ensorcelled Hibernation
Press: ? - help, Shift-Dir - straight line, f/p - orc warrior
Aim: an orc warrior, wielding a hand axe and wearing a plate armour (chance to defeat MR: 38%)
The orc warrior resists with some effort.
The orc wizard begins to cast a cantrip, but forgets the words!
The orc warrior hits you with a hand axe!
The orc priest hits you with a hand axe.
The orc wizard gestures wildly while chanting.
The orc wizard seems to speed up.
The orc priest invokes the aid of Beogh against you.
Beogh smites you!
Ouch! That really hurt!
You die...

##### ##....##..
##...######.....##..
##...............##..
#####.......######...###.
#...........# ###.##.. #######
#.###.......# #..... #.....###.#
##.....## ###รท.. .......#..#
#......)# ######.. .........##
#...@...# ##....... ........##
#.......# #..#####.
....(...######oo...######.###....
..........o..o....##.......##.#..
........######...................
.............o...................
#.....###o.................(..#.#
####### ##.###.....###...........
o# #.....# #.#.##......


You could see an orc warrior, an orc priest and 2 orc wizards.

Vanquished Creatures
  3 leopard geckos (D:1)
  A ball python (D:1)
  5 hobgoblins (D:1)
  2 kobolds (D:1)
  2 bats (D:1)
  A frilled lizard (D:1)
  2 rats (D:1)
16 creatures vanquished.

Notes
Turn   | Place    | Note
-------+----------+-------------------------------------------
     0 | D:1      | Linguinho the Demonspawn Enchanter began the quest for the Orb.
     0 | D:1      | Reached XP level 1. HP: 13/13 MP: 3/3
   382 | D:1      | Gained mutation: Your flesh is heat resistant. (rF+) [demonic ancestry]
   382 | D:1      | Reached XP level 2. HP: 10/19 MP: 3/5
   699 | D:1      | Learned a level 2 spell: Ensorcelled Hibernation
   945 | D:1      | Noticed an orc warrior
   958 | D:1      | Killed from afar by an orc priest

Skill      XL: |  1  2 |
---------------+-------+-----
Dodging        | 2 |  2.0
Fighting       | |  0.2
Short Blades   | |  0.8
Stealth        | |  2.8
Spellcasting   | |  2.3
Hexes          | |  3.4

Action                   || total
-------------------------++-------
Melee: Dagger            ||    82
 Cast: Corona            ||     9
       Ensorcelled Hiber ||     1
 Stab: Sleeping          ||     1
Armor: Robe              ||    25
Dodge: Dodged            ||    63
